 Dungeon Crawl Stone Soup version 0.28-a0-1167-g616b1c6417 (webtiles) character file.

Game seed: 7615737430216102339

105 Ijustatesigmund the Skirmisher (level 4, 0/41 HPs)
             Began as a Hill Orc Fighter on Dec 16, 2021.
             Slain by a gnoll (18 damage)
             ... on level 3 of the Dungeon.
             The game lasted 00:03:46 (2341 turns).

Ijustatesigmund the Skirmisher (Hill Orc Fighter)   Turns: 2341, Time: 00:03:47

Health: 0/41       AC:  7    Str: 18    XL:     4   Next: 81%
Magic:  4/4        EV:  9    Int: 10    God:
Gold:   104        SH:  5    Dex: 10    Spells: 3/3 levels left

rFire   . . .      SeeInvis .   a - +0 war axe
rCold   + . .      Faith    .   c - +1 buckler
rNeg    . . .      Spirit   .   b - +0 scale mail
rPois   .          Reflect  .   (no helmet)
rElec   .          Harm     .   (no cloak)
rCorr   .          Rampage  .   (no gloves)
Will    .....                   (no boots)
Stlth   ..........              (no amulet)
HPRegen 0.13/turn               g - ring of protection from cold
MPRegen 0.09/turn               (no ring)

@: mighty
A: no striking features
a: no special abilities


You were on level 3 of the Dungeon.
You visited 1 branch of the dungeon, and saw 3 of its levels.

You collected 104 gold pieces.

Inventory:

Hand Weapons
 a - a +0 war axe (weapon)
Armour
 b - a +0 scale mail (worn)
 c - a +1 buckler (worn)
Jewellery
 g - a ring of protection from cold (left hand)
Scrolls
 e - 2 scrolls of identify
Potions
 h - a potion of heal wounds
 l - 2 potions of cancellation
 m - 2 potions of brilliance {unknown}


   Skills:
 + Level 4.8 Fighting
 + Level 4.1 Axes
 + Level 4.3 Armour
 - Level 3.2 Shields


You had 3 spell levels left.
You didn't know any spells.
Your spell library contained the following spells:

 Spells                   Type           Power      Damage    Failure   Level
 Magic Dart               Conj           0%         1d3       77%         1
 Searing Ray              Conj           0%         2d4       88%         2
 Fulminant Prism          Conj/Hex       0%         3d6       100%        4


Dungeon Overview and Level Annotations

Branches:
Dungeon (3/15)

Altars:


Message History

You see here 22 arrows.
Found a stone staircase leading down.
There is a stone staircase leading down here.
Done exploring.
Done exploring.
There is a stone staircase leading down here.
You climb downwards.
There is a stone staircase leading up here.
An endoplasm comes into view.
The endoplasm quivers.
You barely miss the endoplasm. The endoplasm closely misses you.
You block the endoplasm's attack.
You hit the endoplasm.
The endoplasm is severely wounded.
The endoplasm freezes you.
You are frozen.
You resist.
You hit the endoplasm.
The endoplasm is almost dead.
You block the endoplasm's attack.
You slash the endoplasm!
You kill the endoplasm!
No target in view!
No target in view!
HP restored.
An adder and a gnoll come into view.
The gnoll is wielding a +0 spear of distortion.
The adder hisses angrily.
The gnoll shouts!
You hear a shout!
You aren't carrying any items that you can evoke.
Unknown command.
You feel very mighty all of a sudden.
You slash the adder!
You kill the adder!
You see here an adder corpse.
You block the gnoll's attack.
You closely miss the gnoll.
The gnoll hits you with a +0 spear of distortion.
Space warps horribly around you!
The gnoll hits you with a +0 spear of distortion.
Space warps horribly around you!!
You die...

#####+##
#......##.####....
#......##........#
#.......#........#
#.......#........#
#.......#........#
#.......#........#
#......##........#
###....†@g........
#..#####.......#
#..# #........
#..# ##+#.....
#..###### .....
#.......# ....
##########.####.#
...
#...............#
...
##.#######.###..#


You could see a gnoll.

Vanquished Creatures
  A gnoll (D:1)
  4 adders
  2 worms (D:2)
  A dart slug (D:2)
  4 endoplasms
  3 giant cockroaches
  6 goblins
  3 hobgoblins
  7 kobolds
  2 quokkas
  5 ball pythons
  5 bats
  2 frilled lizards
  3 rats
48 creatures vanquished.

Notes
Turn   | Place    | Note
-------+----------+-------------------------------------------
     0 | D:1      | Ijustatesigmund the Hill Orc Fighter began the quest for
                  | the Orb.
     0 | D:1      | Reached XP level 1. HP: 19/19 MP: 1/1
   225 | D:1      | Reached XP level 2. HP: 27/27 MP: 2/2
   335 | D:1      | You fall into a shaft and drop 1 floor!
   414 | D:1      | Reached XP level 3. HP: 29/33 MP: 3/3
   992 | D:2      | Reached XP level 4. HP: 19/41 MP: 4/4
  2341 | D:3      | Slain by a gnoll

Illustrated notes

Levels and vault maps discovered:
D:1:      matt_arrival_grand_opening, layout_basic
D:2:      layout_loops_ring
D:3:      layout_basic, dk_xom_monty_hall, grunt_qazlal_sundering,
          nicolae_ecumenical_lake_church

Skill      XL: |  1  2  3  4 |
---------------+-------------+-----
Fighting       | 4 |  4.8
Axes           | 3 4 |  4.1
Armour         | 4 |  4.3
Shields        | |  3.2

Action                   |  1- 3 |  4- 6 || total
-------------------------+-------+-------++-------
Melee: War axe           |    84 |    79 ||   163
  Use: Scroll            |       |     7 ||     7
       Potion            |       |     1 ||     1
Armor: Scale mail        |    37 |    36 ||    73
Dodge: Dodged            |    39 |    34 ||    73
Block: Buckler           |    22 |    22 ||    44

Table legend: (Time is in decaauts)
 A = Elapsed time spent in this place.
 B = Non-inter-level travel time spent in this place.
 C = Inter-level travel time spent in this place.
 D = Time resting spent in this place.
 E = Time spent auto-exploring this place.
 F = Levels seen in this place.
 G = Mean time per level.
                   A        B        C        D        E       F      G
               +--------+--------+--------+--------+--------+-----+--------+
         Total |   2397 |   2363 |     34 |    582 |   1382 |   3 |  799.0 |
       Dungeon |   2397 |   2363 |     34 |    582 |   1382 |   3 |  799.0 |
               +--------+--------+--------+--------+--------+-----+--------+

Top non-repeatable levels by time:
     D:2: 1500 daAuts
     D:1: 844 daAuts
     D:3: 51 daAuts
